 Dungeon Crawl Stone Soup version 0.23-a0-49-gd9f7a49 (webtiles) character file.

22 Azzok the Firebug (level 2, 0/20 HPs)
             Began as a Hill Orc Fire Elementalist on Aug 7, 2018.
             Succumbed to an adder's poison
             ... on level 2 of the Dungeon.
             The game lasted 00:01:34 (943 turns).

Azzok the Firebug (Hill Orc Fire Elementalist)       Turns: 943, Time: 00:01:34

Health: 0/20       AC:  8    Str: 10    XL:     2   Next: 91%
Magic:  4/4        EV:  4    Int: 15    God:
Gold:   64         SH:  0    Dex: 11    Spells: 3/4 levels left

rFire    . . .     SeeInvis .   i - +0 short sword (freeze)
rCold    . . .     Gourm    .   (no shield)
rNeg     . . .     Faith    .   b - +0 chain mail
rPois    .         Spirit   .   (no helmet)
rElec    .         Reflect  .   (no cloak)
rCorr    .         Harm     .   (no gloves)
MR       .....                  (no boots)
Stlth    ..........             (no amulet)
HPRegen  0.06/turn              (no ring)
MPRegen  0.09/turn              (no ring)

@: lethally poisoned (0 -> -8)
A: no striking features
a: no special abilities


You were on level 2 of the Dungeon.
You were not hungry.

You visited 1 branch of the dungeon, and saw 2 of its levels.

You collected 64 gold pieces.

Inventory:

Hand Weapons
 g - a +3 hand axe
 i - a +0 short sword of freezing (weapon)
Armour
 a - a +0 robe
 b - a +0 chain mail (worn)
Scrolls
 e - 3 scrolls of identify {unknown}
 f - a scroll of fear {unknown}
 j - a scroll of teleportation {unknown}
 k - a scroll of remove curse {unknown}
Potions
 d - 4 potions of curing {unknown}
 h - a potion of experience {unknown}
 l - a potion of lignification {unknown}
Comestibles
 c - a ration
 m - 5 chunks of flesh


   Skills:
 - Level 1.5 Dodging
 - Level 1.5 Stealth
 - Level 1.5 Spellcasting
 + Level 2.0 Conjurations
 + Level 3.9 Fire Magic


You had 3 spell levels left.
You knew the following spells:

 Your Spells              Type           Power        Failure   Level  Hunger
a - Flame Tongue          Conj/Fire      ##...        99%         1    ##.....

Your spell library contained the following spells:

 Spells                   Type           Power        Failure   Level  Hunger
 Fireball                 Conj/Fire      ##........   100%        5    ######.
 Conjure Flame            Conj/Fire      ##......     100%        3    ####...
 Throw Flame              Conj/Fire      ##....       100%        2    ###....
 Sticky Flame             Conj/Fire      ##......     100%        4    #####..
 Inner Flame              Hex/Fire       #.......     100%        3    ####...


Dungeon Overview and Level Annotations

Branches:
Dungeon (2/15)

Altars:


Message History

The adder is severely wounded.
You feel sick.
The adder bites you but does no damage. x2
The rat bites you but does no damage.
You closely miss the adder.
The adder is severely wounded.
You feel sick. The adder bites you.
* * * LOW HITPOINT WARNING * * *
You are more poisoned.
The adder poisons you! The rat bites you but does no damage.
* * * LOW HITPOINT WARNING * * *
You feel sick. The adder bites you.
* * * LOW HITPOINT WARNING * * *
* * * LOW HITPOINT WARNING * * *
You feel sick.
* * * LOW HITPOINT WARNING * * *
You feel sick.
* * * LOW HITPOINT WARNING * * *
You feel sick. The adder bites you but does no damage.
You die...

▒········· ▒·····^···
▒▒▒▒ ▒········· ···▒
▒········· ▒··▒▒
▒········· ▒··▒▒
▒·········
▒·▒▒▒[<▒▒▒·········
▒···@·S············
······▒▒▒▒r···!·······
···▒▒·▒▒▒▒············
· ·······<·▒··········
·····▒▒▒▒▒··········
▒▒· ▒····▒···▒▒
▒····?···▒ ···▒▒·▒···
···▒ ·· ··


You could see an adder and a rat.

Vanquished Creatures
  2 dart slugs (D:1)
  A leopard gecko (D:1)
  3 goblins (D:1)
  3 hobgoblins (D:1)
  2 bats (D:1)
  3 frilled lizards (D:1)
  4 rats (D:1)
18 creatures vanquished.

Notes
Turn   | Place    | Note
-------+----------+-------------------------------------------
     0 | D:1      | Azzok the Hill Orc Fire Elementalist began the quest for the Orb.
     0 | D:1      | Reached XP level 1. HP: 14/14 MP: 3/3
   304 | D:1      | Reached XP level 2. HP: 20/20 MP: 4/4
   941 | D:2      | HP: 1/20 [poisoned by an adder]
   943 | D:2      | Succumbed to an adder's poison

Vault maps used:
D:1:      lemuel_arrival_rhombus
D:2:      nicolae_overflow_hidden_temple, first_ration, uniq_robin

Skill      XL: |  1  2 |
---------------+-------+-----
Conjurations   | 2 |  2.0
Dodging        | |  1.5
Stealth        | |  1.5
Spellcasting   | |  1.5
Fire Magic     | |  3.9

Action                   || total
-------------------------++-------
Melee: Hand axe          ||    28
       Short sword       ||    41
Armor: Robe              ||    17
       Chain mail        ||    49
Dodge: Dodged            ||    29

Table legend:
 A = Spawn XP
 B = Non-spawn XP
 C = Spawn XP percentage of total XP
 D = Spawn monster count
 E = Non-spawn monster count
 F = Spawn count percentage of total count
 G = Total turns spent on level
                    A         B        C        D         E        F      G
               +---------+---------+-------+---------+---------+-------+---------
         Total |       0 |      32 |   0.0 |       0 |      18 |   0.0 |   943
               +---------+---------+-------+---------+---------+-------+---------
           D:1 |       0 |      32 |   0.0 |       0 |      18 |   0.0 |   919
               +---------+---------+-------+---------+---------+-------+---------
